 Dungeon Crawl Stone Soup version 0.28.0-53-g5a82cb258f (webtiles) character file.

Game seed: 11841200256501863068

101 Duralumin the Firebug (level 4, 0/30 HPs)
             Began as a Demonspawn Fire Elementalist on June 10, 2022.
             Slain by an orc wizard
             ... wielding a +0 dagger
              (1 damage)
             ... on level 2 of the Dungeon.
             The game lasted 00:08:18 (2290 turns).

Duralumin the Firebug (DsFE)                        Turns: 2290, Time: 00:08:20

Health: 0/30       AC:  2    Str:  8    XL:     4   Next: 48%
Magic:  3/8        EV: 12    Int: 18    God:
Gold:   70         SH:  0    Dex: 20    Spells: 6/9 levels left

rFire   . . .      SeeInvis .   (no weapon)
rCold   . . .      Faith    .   (no shield)
rNeg    . . .      Spirit   .   a - +0 robe
rPois   .          Reflect  .   (no helmet)
rElec   .          Harm     .   (no cloak)
rCorr   .          Rampage  .   (no gloves)
Will    .....                   (no boots)
Stlth   ++........              (no amulet)
HPRegen 0.10/turn               f - +6 ring of dexterity
MPRegen 0.11/turn               (no ring)

@: attractive
A: demonic magic 1, demonic touch 1
a: no special abilities


You were on level 2 of the Dungeon.
You visited 1 branch of the dungeon, and saw 3 of its levels.

You collected 70 gold pieces.

Inventory:

Hand Weapons
 m - a +2 dagger of freezing
Missiles
 j - 2 throwing nets
Armour
 a - a +0 robe (worn)
Jewellery
 f - a +6 ring of dexterity (left hand)
Scrolls
 b - 2 scrolls of identify {unknown}
 h - a scroll of fear {unknown}
 l - 2 scrolls of teleportation {unknown}
Potions
 c - a potion of lignification
 d - a potion of might {unknown}
 g - a potion of curing {unknown}
 i - 2 potions of brilliance
 k - a potion of attraction


   Skills:
 - Level 1.7 Dodging
 - Level 1.7 Stealth
 + Level 3.0 Spellcasting
 + Level 2.5 Conjurations
 + Level 3.5 Fire Magic


You had 6 spell levels left.
You knew the following spells:

 Your Spells              Type           Power      Damage    Failure   Level
a - Foxfire               Conj/Fire      52%        2x1d6     4%          1
b - Scorch                Fire           30%        2d7       6%          2

Your spell library contained the following spells:

 Spells                   Type           Power      Damage    Failure   Level
 Shock                    Conj/Air       28%        1d4       10%         1
 Conjure Flame            Conj/Fire      13%        6-21      14%         3
 Inner Flame              Hex/Fire       9%         N/A       24%         3
 Swiftness                Air            2%         N/A       43%         3
 Flame Wave               Conj/Fire      13%        2d6       43%         4
 Airstrike                Air            1%         N/A       85%         4
 Petrify                  Tmut/Erth      2%         N/A       85%         4
 Metabolic Englaciation   Hex/Ice        1%         N/A       99%         5
 Statue Form              Tmut/Erth      1%         N/A       100%        6


Dungeon Overview and Level Annotations

Branches:
Dungeon (3/15)

Altars:


Innate Abilities, Weirdness & Mutations

Spells you cast may paralyse adjacent enemies.
Your touch may inflict minor irresistible damage on your foes.


Message History

The kobold throws a stone.
The stone closely misses you.
There is a stone staircase leading up here.
Something hits you.
* * * LOW HITPOINT WARNING * * *
The kobold throws a stone.
The stone misses you.
You climb upwards.
Reactivating autopickup.
There is a stone staircase leading down here.
Casting: Scorch (safe; 6% risk of failure)
Confirm with . or Enter, or press ? or * to list all spells.
Flames lash something.
Malevolent energies surge around you.
You hear some strange, mumbled words.
Deactivating autopickup; reactivate with Ctrl-A.
You are confused.
You're too confused to cast spells.
You bump into the rock wall.
Something hits you.
* * * LOW HITPOINT WARNING * * *
You're too confused to move!
Something hits you but does no damage.
It was a potion of brilliance.
You feel clever all of a sudden. Something hits you.
* * * LOW HITPOINT WARNING * * *
It was a potion of lignification.
You turn into a tree.
Your +0 robe melds into your body.
Your roots penetrate the ground.
You hear some strange, mumbled words.
A puff of flame appears from out of thin air!
The puff of flame hits you.
* * * LOW HITPOINT WARNING * * *
It was a potion of attraction.
You feel attractive to monsters. Something hits you but does no damage.
You're too confused to cast spells.
It was a potion of cancellation.
Your magical effects are unravelling.
You feel magically purged.
You feel less wooden.
Your +0 robe unmelds from your body.
You feel less confused.
You feel a little less clever now. Something hits you.
You die...

#..##.............. #####
#..##.######..#####
##.PP###........≈≈≈≈≈##
##PPP.)##.......≈≈≈≈P.P##
##.P≈P≈P≈........≈P≈≈≈P≈P#
##.≈≈♣≈≈≈≈P≈.##.#..≈♣≈≈≈PP#
#.≈≈≈♣♣♣♣♣≈..##..≈P≈≈♣≈♣≈P##
#.P†≈♣ ♣P≈P{####≈≈≈≈♣≈♣≈..#
#...♣♣♣♣♣♣≈P@# #≈.≈♣♣≈♣≈≈≈P##
#.P≈≈≈♣♣P≈≈#.###P≈♣≈≈P≈≈♣≈≈≈.
#..PPP≈≈≈≈.#.##≈.♣≈≈.≈≈≈♣≈≈..
##.###.PP≈...##≈≈≈≈≈...≈≈♣≈P.
#..# ####P##..P≈≈≈≈≈...P≈♣≈P.
#.## ####.#≈≈♣≈P###...≈P.#
#.# ##≈≈P≈P≈# ##.≈≈♣P# #.#
#≈PP≈PP# #.P≈≈≈#
#####.###########P≈≈PP##
##PP≈P#


There were no monsters in sight!

Vanquished Creatures
  Terence (D:2)
  3 adders
  3 worms (D:2)
  A dart slug (D:1)
  A ball python (D:2)
  3 endoplasms
  5 goblins
  4 hobgoblins
  2 quokkas (D:1)
  3 bats (D:3)
  5 frilled lizards
  3 kobolds
  8 rats
42 creatures vanquished.

Vanquished Creatures (collateral kills)
  2 foxfires (D:2)
2 creatures vanquished.

Vanquished Creatures (others)
  88 foxfires
  31 plants (D:2)
119 creatures vanquished.

Grand Total: 163 creatures vanquished

Notes
Turn   | Place    | Note
-------+----------+-------------------------------------------
     0 | D:1      | Duralumin the Demonspawn Fire Elementalist began the quest
                  | for the Orb.
     0 | D:1      | Reached XP level 1. HP: 13/13 MP: 3/3
   288 | D:1      | Gained mutation: Spells you cast may paralyse adjacent
                  | enemies. [demonic ancestry]
   288 | D:1      | Reached XP level 2. HP: 19/19 MP: 1/5
   634 | D:1      | Learned a level 2 spell: Scorch
  1073 | D:2      | Noticed Terence
  1076 | D:2      | Killed Terence
  1077 | D:2      | Gained mutation: Your touch may inflict minor irresistible
                  | damage on your foes. [demonic ancestry]
  1077 | D:2      | Reached XP level 3. HP: 24/24 MP: 0/6
  1585 | D:2      | Reached XP level 4. HP: 30/30 MP: 1/8
  1967 | D:2      | Found a faded altar of an unknown god.
  2288 | D:2      | HP: 1/45 [something/puff of flame (4)]
  2290 | D:2      | Slain by an orc wizard

Illustrated notes

Levels and vault maps discovered:
D:1:      lemuel_arrival_river_ford, layout_loops_corners
D:2:      layout_basic, shapermc_ecumenical_altar_mp_urbaneastern, serial_bayou,
          serial_bayou_lagoon_a, serial_bayou_pond_e, serial_bayou_pond_c,
          serial_bayou_pond_e, uniq_terence
D:3:      layout_loops_ring

Skill      XL: |  1  2  3  4 |
---------------+-------------+-----
Fire Magic     | 3 |  3.5
Conjurations   | 2 |  2.5
Spellcasting   | 3 |  3.0
Dodging        | |  1.7
Stealth        | |  1.7

Action                   |  1- 3 |  4- 6 || total
-------------------------+-------+-------++-------
Melee: Unarmed           |       |     1 ||     1
       Touch             |       |     1 ||     1
 Cast: Foxfire           |    44 |    22 ||    66
       Scorch            |    11 |     4 ||    15
  Use: Potion            |       |     4 ||     4
 Stab: Paralysed         |       |     1 ||     1
Armor: Robe              |     1 |     4 ||     5
       Skin              |       |     1 ||     1
Dodge: Dodged            |     2 |    10 ||    12
